 Dungeon Crawl Stone Soup version 0.30-b1-2-g02819fbbbe (webtiles) character file.

Game seed: 2649880379770283068

35084 Flugkiller the Severer (level 13, -6/118 HPs)
             Began as a Minotaur Fighter on May 8, 2023.
             Was the Champion of Okawaru.
             Mangled by an 11-headed hydra (11 damage)
             ... on level 5 of the Lair of Beasts.
             The game lasted 00:08:22 (17017 turns).

Flugkiller the Severer (Minotaur Fighter)          Turns: 17017, Time: 00:08:23

Health: -6/118     AC: 22    Str: 28    XL:     13   Next: 45%
Magic:  17/18      EV: 15    Int: 15    God:    Okawaru [******]
Gold:   1415       SH: 13    Dex: 12    Spells: 12/12 levels left

rFire   + . .        P - +8 broad axe of Gallantry {heavy, Will+ Str+2}
rCold   . . .        c - +0 buckler
rNeg    . . .        C - +1 plate armour {rC+}
rPois   .            (helmet restricted)
rElec   .            (no cloak)
rCorr   +            k - +0 pair of gloves "Yfupuohoa" {Int+2 Slay+2 SInv}
SInv    +            y - +0 pair of boots "Ledwur" {rF+ rC- rCorr}
Will    +....        L - amulet of reflection Stlth
                     g - +6 ring of strength
HPRegen 0.39/turn    v - +5 ring of evasion
MPRegen 0.16/turn

%: reflection
@: heroic
A: horns 2, retaliatory headbutt, clever 2
a: Renounce Religion, Heroism, Finesse, Duel


You were on level 5 of the Lair of Beasts.
You worshipped Okawaru.
Okawaru was exalted by your worship.
You visited 3 branches of the dungeon, and saw 17 of its levels.
You also visited: Ossuary and Bailey.

You collected 1541 gold pieces.
You spent 126 gold pieces at shops.

Inventory:

Hand Weapons
 P - the +8 broad axe of Gallantry (weapon) {heavy, Will+ Str+2}
   (Okawaru gifted it to you on level 5 of the Lair of Beasts)

   Str:       It affects your strength (+2).
   Will:      It increases your willpower.
Missiles
 K - a throwing net (quivered)
Armour
 c - a +0 buckler (worn)
 e - a +0 pair of gloves of dexterity
   (You bought it in a shop on level 2 of the Dungeon)
 k - the +0 pair of gloves "Yfupuohoa" (worn) {Int+2 Slay+2 SInv}
   (You acquired it on level 7 of the Dungeon)

   Int:       It affects your intelligence (+2).
   Slay:      It affects your accuracy & damage with ranged weapons and melee
   (+2).
   SInv:      It lets you see invisible.
 x - a +0 pair of boots
   (You found it on level 4 of the Dungeon)
 y - the +0 pair of boots "Ledwur" (worn) {rF+ rC- rCorr}
   (You found it in a bailey)

   rF:        It protects you from fire.
   rC:        It makes you vulnerable to cold.
   rCorr:     It protects you from acid and corrosion.
 C - a +1 plate armour of cold resistance (worn)
   (You found it in a bailey)
Jewellery
 g - a +6 ring of strength (left hand)
   (You found it on level 4 of the Dungeon)
 m - a ring of willpower
   (You found it on level 3 of the Dungeon)
 v - a +5 ring of evasion (right hand)
   (You found it on level 11 of the Dungeon)
 L - an amulet of reflection (around neck)
   (You found it on level 1 of the Lair of Beasts)
 M - a +6 ring of strength
   (You found it on level 1 of the Dungeon)
Wands
 a - a wand of acid (4)
   (You found it on level 5 of the Lair of Beasts)
 b - a wand of paralysis (15)
   (You found it on level 7 of the Dungeon)
 E - a wand of iceblast (1)
   (You found it on level 11 of the Dungeon)
 N - a wand of mindburst (7)
   (You found it on level 2 of the Lair of Beasts)
Scrolls
 i - 2 scrolls of silence
 l - a scroll of magic mapping
 p - 2 scrolls of enchant weapon
 r - 2 scrolls of identify
 t - 12 scrolls of teleportation
 u - 2 scrolls of fog
 z - 3 scrolls of blinking
 D - 3 scrolls of vulnerability
 G - 3 scrolls of fear
 O - a scroll of acquirement
Potions
 d - 2 potions of might
 f - 3 potions of invisibility
 h - 4 potions of haste
 n - 3 potions of resistance
 q - 5 potions of curing
 s - 3 potions of mutation
 w - a potion of heal wounds
 A - a potion of ambrosia
 B - a potion of berserk rage
 F - 2 potions of cancellation
 H - 2 potions of flight
 I - 3 potions of lignification
 J - 4 potions of magic


   Skills:
 + Level 12.0(17.0) Fighting
 * Level 16.2(21.2) Axes
 + Level 12.0(17.0) Armour
 + Level 12.0(17.0) Shields
 + Level 8.7 Invocations
 + Level 3.3 Evocations


You had 12 spell levels left.
You didn't know any spells.
Your spell library was empty.

Dungeon Overview and Level Annotations

Branches:
Dungeon (11/15)            Temple (1/1) D:5            Lair (5/5) D:11
 Shoals (0/4) Lair:2       Spider (0/4) Lair:2        Slime (0/5) Lair:4
    Orc (0/2) D:9         Ossuary (visited)          Bailey (visited)

Altars:
Ashenzari
Cheibriados
Dithmenos
Elyvilon
Fedhas
Gozag
Hepliaklqana
Kikubaaqudgha
Makhleb
Nemelex Xobeh
Okawaru
Qazlal
Ru
Sif Muna
Trog
Uskayaw
Vehumet
Wu Jian
Xom
Yredelemnul
The Shining One
Jiyva

Shops:
D:2 *   D:10 ?[*

Annotations:
D:5 2 runed translucent doors, t4s4d4r's ghost, novice DjEE


Innate Abilities, Weirdness & Mutations

You have a pair of horns on your head.
You reflexively headbutt those who attack you in melee.
Your mind is very acute. (Int +8, Str/Dex -2)


Message History

The six-headed hydra misses you.
You slice one of the six-headed hydra's heads off!
The five-headed hydra grows two more!
You hit the seven-headed hydra.
The seven-headed hydra is lightly wounded.
A black mamba comes into view.
The seven-headed hydra bites you.
The seven-headed hydra closely misses you.
The seven-headed hydra bites you.
The seven-headed hydra bites you but does no damage. x2
The seven-headed hydra misses you.
The seven-headed hydra bites you but does no damage.
You barely miss the seven-headed hydra.
The seven-headed hydra is lightly wounded.
You block the seven-headed hydra's attack. x2
The seven-headed hydra barely misses you.
The seven-headed hydra bites you.
The seven-headed hydra closely misses you.
The seven-headed hydra barely misses you.
The seven-headed hydra bites you.
You lop one of the seven-headed hydra's heads off!
The six-headed hydra grows two more!
You slice the eight-headed hydra!! You headbutt the eight-headed hydra.
The eight-headed hydra is heavily wounded.
You block the eight-headed hydra's attack.
The eight-headed hydra bites you but does no damage. x2
You block the eight-headed hydra's attack.
The eight-headed hydra bites you but does no damage.
You block the eight-headed hydra's attack.
The eight-headed hydra closely misses you.
The eight-headed hydra bites you but does no damage.
The eight-headed hydra barely misses you.
The eight-headed hydra completely misses you.
The eight-headed hydra bites you but does no damage.
You block the eight-headed hydra's attack.
The eight-headed hydra bites you but does no damage.
The eight-headed hydra closely misses you. x2
The eight-headed hydra barely misses you.
You chop one of the eight-headed hydra's heads off!
The seven-headed hydra grows two more!
You slash the nine-headed hydra!
The nine-headed hydra is heavily wounded.
The nine-headed hydra bites you!
You block the nine-headed hydra's attack.
The nine-headed hydra barely misses you.
The nine-headed hydra bites you. The nine-headed hydra bites you!
You block the nine-headed hydra's attack.
The nine-headed hydra bites you. The nine-headed hydra bites you!
* * * LOW HITPOINT WARNING * * *
The nine-headed hydra bites you but does no damage.
You are too injured to fight recklessly!
You slice one of the nine-headed hydra's heads off!
The eight-headed hydra grows two more!
You carve the ten-headed hydra like a ham!!!
The ten-headed hydra is almost dead.
You barely miss the cane toad.
You hear a bellow!
The black mamba bites you!
* * * LOW HITPOINT WARNING * * *
You are poisoned.
The black mamba poisons you! You block the cane toad's attack.
The ten-headed hydra closely misses you.
The ten-headed hydra misses you.
You block the ten-headed hydra's attack.
The ten-headed hydra bites you.
* * * LOW HITPOINT WARNING * * *
The ten-headed hydra closely misses you.
The ten-headed hydra bites you but does no damage.
You block the ten-headed hydra's attack.
The ten-headed hydra bites you but does no damage.
The ten-headed hydra barely misses you. The ten-headed hydra bites you!
* * * LOW HITPOINT WARNING * * *
You feel better. The black mamba closely misses you.
The cane toad stings you but does no damage.
You block the black mamba's attack.
The ten-headed hydra bites you but does no damage.
You block the ten-headed hydra's attack.
The ten-headed hydra bites you but does no damage.
The ten-headed hydra completely misses you.
The ten-headed hydra closely misses you.
The ten-headed hydra misses you.
The ten-headed hydra closely misses you.
The ten-headed hydra misses you.
The ten-headed hydra bites you but does no damage.
You block the ten-headed hydra's attack.
You chop one of the ten-headed hydra's heads off!
The nine-headed hydra grows two more!
You slash the 11-headed hydra!
The 11-headed hydra is almost dead.
You hit the black mamba. You hit the cane toad but do no damage.
The black mamba bites you.
* * * LOW HITPOINT WARNING * * *
The cane toad stings you but does no damage.
The black mamba bites you but does no damage.
The cane toad stings you but does no damage.
You block the 11-headed hydra's attack. x2
The 11-headed hydra bites you but does no damage.
The 11-headed hydra misses you.
The 11-headed hydra bites you but does no damage. x3
You block the 11-headed hydra's attack.
The 11-headed hydra bites you but does no damage.
The 11-headed hydra closely misses you. The 11-headed hydra bites you!
You die...

.. ...... 8
....8#. .
......
.#....#
##....#
##....#
..###.SD..#
...8..F@#
........#
##.<.#[#.
...# .. ..
## ### ..#
.## ##


You could see a 11-headed hydra, a black mamba and a cane toad.

Vanquished Creatures
  A catoblepas (Lair:4)
  2 hydras
  6 death yaks
  Lodul (D:11)
  A spectral anaconda (Lair:5)
  An orb spider (Lair:2)
  An orc knight (Bailey)
  3 cyclopes (D:11)
  4 elephants (Lair:5)
  2 black mambas (Lair:3)
  3 merfolk sirens (Lair:2)
  12 cane toads
  A gargoyle (D:10)
  A rime drake (D:11)
  An unseen horror (D:10)
  6 komodo dragons
  2 polar bears
  2 trolls
  A merfolk (Lair:2)
  4 blink frogs (Lair:3)
  Sigmund (D:2)
  2 shadows
  7 wyverns
  2 wraiths
  33 yaks
  3 basilisks
  5 vampire mosquitoes (D:11)
  4 steam dragons
  An acid dragon (D:9)
  17 water moccasins
  6 orc warriors
  5 ice beasts
  21 wolves
  11 ogres
  2 centaurs (D:10)
  A phantom (D:7)
  A kobold brigand (D:9)
  11 bullfrogs
  3 scorpions
  2 elf skeletons (D:7)
  11 killer bees
  2 howler monkeys (D:9)
  2 electric eels (Lair:4)
  2 human zombies (D:7)
  2 jellies (D:4)
  3 orc priests
  A sleepcap (D:6)
  A human skeleton (D:7)
  2 iguanas
  Natasha (thrice) (D:2)
  6 orc wizards
  A mummy (Ossuary)
  Robin (D:3)
  4 adders (D:5)
  A shadow imp (D:6)
  4 white imps
  2 worms (D:2)
  56 orcs
  5 bats
  13 endoplasms
  A giant cockroach (D:2)
  24 goblins
  6 hobgoblins
  4 jackals (D:5)
  8 kobolds
  3 quokkas
  5 ball pythons
  7 frilled lizards
  5 gnoll skeletons (Ossuary)
  9 kobold skeletons (Ossuary)
  12 orc skeletons
  7 rats
406 creatures vanquished.

Vanquished Creatures (others)
  A bullfrog (D:8)
  19 fungi
  24 plants
  3 withered plants (Lair:5)
47 creatures vanquished.

Grand Total: 453 creatures vanquished

Notes
Turn   | Place    | Note
-------+----------+-------------------------------------------
     0 | D:1      | Flugkiller the Minotaur Fighter began the quest for the
                  | Orb.
     0 | D:1      | Reached XP level 1. HP: 19/19 MP: 0/0
    48 | D:1      | Reached XP level 2. HP: 20/27 MP: 1/1
    68 | D:1      | Reached skill level 3 in Axes
    96 | D:1      | Found a faded altar of an unknown god.
   461 | D:2      | Noticed Natasha
   467 | D:2      | Killed Natasha
   468 | D:2      | Reached XP level 3. HP: 25/33 MP: 2/2
   516 | D:2      | Found Unuh's General Store.
   614 | D:2      | Reached XP level 4. HP: 24/40 MP: 3/3
   720 | D:2      | Noticed Sigmund
   751 | D:2      | Killed Sigmund
   752 | D:2      | Reached skill level 4 in Axes
   752 | D:2      | Reached XP level 5. HP: 15/47 MP: 4/4
   925 | D:2      | Noticed Natasha
   931 | D:2      | Killed Natasha
   932 | D:2      | Reached skill level 5 in Axes
  1061 | D:2      | Noticed Natasha
  1067 | D:2      | Killed Natasha
  1068 | D:2      | Reached XP level 6. HP: 50/55 MP: 5/5
  1459 | D:3      | Found a shimmering blue altar of Sif Muna.
  1563 | D:3      | Found an ornate altar of the Wu Jian Council.
  1576 | D:3      | Noticed Robin
  1591 | D:3      | Killed Robin
  1592 | D:3      | Reached skill level 5 in Fighting
  1592 | D:3      | Reached skill level 5 in Armour
  1592 | D:3      | Reached skill level 5 in Shields
  2087 | D:3      | Gained mutation: Your mind is acute. (Int +4, Str/Dex -1)
                  | [potion of mutation]
  2087 | D:3      | Gained mutation: Your mind is very acute. (Int +8, Str/Dex
                  | -2) [potion of mutation]
  2127 | D:2      | Bought a +0 pair of gloves of dexterity for 126 gold pieces
  2474 | D:4      | Found a glowing golden altar of the Shining One.
  3161 | D:5      | Entered Level 5 of the Dungeon
  3236 | D:5      | Reached skill level 6 in Axes
  3296 | D:5      | Reached XP level 7. HP: 61/61 MP: 6/6
  3609 | D:5      | Found a staircase to the Ecumenical Temple.
  3615 | Temple   | Entered the Ecumenical Temple
  3998 | D:5      | Found a large runed translucent door.
  3998 | D:5      | Found a large runed translucent door.
  4012 | D:5      | Noticed t4s4d4r's ghost (novice DjEE)
  4112 | D:5      | Found a shadowy altar of Dithmenos.
  4300 | D:6      | Reached skill level 7 in Axes
  4817 | D:6      | Reached XP level 8. HP: 70/70 MP: 7/7
  4882 | D:6      | Found a stormy altar of Qazlal.
  5232 | Temple   | Became a worshipper of Warmaster Okawaru
  5615 | D:7      | Reached skill level 8 in Axes
  5615 | D:7      | Reached skill level 1 in Invocations
  5809 | D:7      | Reached * piety under Okawaru
  5877 | D:7      | Found a sand-covered staircase.
  5886 | Ossuary  | Entered an ossuary
  6076 | D:7      | Identified a scroll of acquirement
  6076 | D:7      | Acquired the +0 pair of gloves "Yfupuohoa" {Int+2 Slay+2
                  | SInv}
  6340 | D:8      | Reached skill level 9 in Axes
  6340 | D:8      | Reached XP level 9. HP: 70/79 MP: 9/9
  6402 | D:8      | Found a sparkling altar of Nemelex Xobeh.
  6481 | D:8      | Found a snail-covered altar of Cheibriados.
  6720 | D:8      | Reached ** piety under Okawaru
  7099 | D:8      | Reached skill level 10 in Axes
  7669 | D:9      | Noticed a troll
  7675 | D:9      | Killed a troll
  8070 | D:9      | Found a shimmering altar of Xom.
  8112 | D:9      | Found a flagged portal.
  8131 | Bailey   | Entered a bailey
  8195 | Bailey   | Reached XP level 10. HP: 88/88 MP: 12/12
  8198 | Bailey   | Noticed an orc knight
  8242 | Bailey   | Killed an orc knight
  8243 | Bailey   | Reached skill level 11 in Axes
  8343 | Bailey   | Identified the +1 robe of Fakagh {rElec}
  8344 | Bailey   | Identified the +0 pair of boots "Ledwur" {rF+ rC- rCorr}
  8774 | D:9      | Found a staircase to the Orcish Mines.
  9223 | D:10     | Entered Level 10 of the Dungeon
  9306 | D:10     | Reached *** piety under Okawaru
  9409 | D:10     | Reached skill level 5 in Invocations
  9455 | D:10     | Reached **** piety under Okawaru
  9466 | D:10     | Reached skill level 12 in Axes
  9789 | D:10     | Noticed a gargoyle
  9794 | D:10     | Killed a gargoyle
  9894 | D:10     | Found Onexim's Armour Emporium.
  9895 | D:10     | Found Joleil's General Store.
  9896 | D:10     | Found Ohoihom's Magic Scroll Emporium.
  9959 | D:10     | Identified the +1 leather armour of the Mind {rF+ Regen+}
 10086 | D:11     | Noticed Lodul
 10101 | D:11     | Reached XP level 11. HP: 46/97 MP: 6/14
 10105 | D:11     | Killed Lodul
 10263 | D:11     | Found a staircase to the Lair.
 10297 | D:11     | Reached skill level 13 in Axes
 10454 | D:11     | Reached ***** piety under Okawaru
 10718 | D:11     | Found a hazy altar of Hepliaklqana.
 10817 | D:11     | Reached skill level 10 in Fighting
 10817 | D:11     | Reached skill level 10 in Shields
 10906 | Lair:1   | Entered Level 1 of the Lair of Beasts
 10914 | Lair:1   | Reached skill level 10 in Armour
 11455 | Lair:1   | Reached skill level 14 in Axes
 11463 | Lair:1   | Reached XP level 12. HP: 34/107 MP: 16/16
 12065 | Lair:2   | Found a staircase to the Shoals.
 12207 | Lair:2   | Identified the +11 falchion "Roimnyts" {pain, SInv Stlth+}
 12322 | Lair:2   | Reached ****** piety under Okawaru
 12565 | Lair:2   | Received a gift from Okawaru
 12686 | Lair:2   | Found a hole to the Spider Nest.
 13403 | Lair:3   | Reached skill level 15 in Axes
 13405 | Lair:3   | Noticed a five-headed hydra
 13438 | Lair:2   | Killed a 12-headed hydra
 13700 | Lair:3   | Reached skill level 1 in Evocations
 13973 | Lair:3   | Received a gift from Okawaru
 14812 | Lair:4   | Found a staircase to the Slime Pits.
 14812 | Lair:4   | Found a viscous altar of Jiyva.
 14839 | Lair:4   | Noticed a seven-headed hydra
 14860 | Lair:4   | Killed a 12-headed hydra
 14861 | Lair:4   | Reached XP level 13. HP: 37/116 MP: 18/18
 16463 | Lair:5   | Entered Level 5 of the Lair of Beasts
 16474 | Lair:5   | Identified the +8 broad axe of Gallantry {heavy, Will+
                  | Str+2} (Okawaru gifted it to you on level 5 of the Lair of
                  | Beasts)
 16474 | Lair:5   | Received a gift from Okawaru
 16482 | Lair:5   | Reached skill level 16 in Axes
 16621 | Lair:5   | HP: 5/118 [dream sheep (12)]
 17017 | Lair:5   | HP: 5/118 [black mamba (6)]
 17017 | Lair:5   | Mangled by an 11-headed hydra

Illustrated notes

Levels and vault maps discovered:
D:1:      tarquinn_simple_flora_water_d, layout_rooms,
          dreamdust_ecumenical_altar_statues
D:2:      layout_rooms, serial_shops, shop, uniq_sigmund, uniq_natasha
D:3:      layout_basic, general_overflow_altar, kennysheep_orc_sif_temple,
          interstate_on_off, feat_on_display, uniq_robin
D:4:      layout_cave_pods, mainiacjoe_overflow_small_starburst, st_stairs_13
D:5:      layout_loops_ring, mainiacjoe_overflow_brackets,
          minmay_temple_entry_proselytizer, ebering_ghost_disaster_area
D:6:      layout_cave_pods, nicolae_overflow_crystal_walls
D:7:      layout_basic, nicolae_ossuary_entry_catacombs
D:8:      layout_basic, mainiacjoe_overflow_big_doors
D:9:      layout_stronghold, nicolae_overflow_hidden_temple,
          mainiacjoe_overflow_boulevard, hiddenorc1_lemuel, enter_bailey_5
D:10:     layout_roguey, nicolae_shop_distant_corner_stores
D:11:     layout_cave_pools, hellmonk_lair_entry_icy,
          worldfamousw_hep_ancestral_shrine, uniq_lodul
Temple:   oiseaux_autumnal_temple
Lair:1:   layout_gridlike
Lair:2:   layout_regular_city, elwin_shoals_entry_stream,
          nicolae_spider_entry_orb_guardian, lemuel_fruit_fields
Lair:3:   layout_roguey, beast_lair_carwin_5, lemuel_fruit_tree,
          grunt_megastairs_1
Lair:4:   layout_long_grid, slime_entry_1, fungi_pond_lemuel, st_stairs_8,
          serial_bayou_shore_b, serial_bayou_shore_b
Lair:5:   due_jungle_book, layout_small_grid, ebering_ghost_reflecting_pool,
          grunt_megastairs_5

Skill      XL: |  1  2  3  4  5  6  7  8  9 10 11 12 13 |
---------------+----------------------------------------+-----
Axes           | 3 4 5 6 7 9 10 12 14 15 16 | 16.2
Fighting       | 4 5 6 7 8 9 10 11 12 | 12.0
Armour         | 4 5 6 7 8 9 10 11 12 | 12.0
Shields        | 4 5 6 7 8 9 10 11 12 | 12.0
Invocations    | 2 4 5 6 8 |  8.7
Evocations     | 2 3 |  3.3

Action                     |  1- 3 |  4- 6 |  7- 9 | 10-12 | 13-15 || total
---------------------------+-------+-------+-------+-------+-------++-------
  Melee: War axe           |    77 |   121 |   271 |   447 |    90 ||  1006
         Headbutt          |    10 |    23 |    51 |    99 |    40 ||   223
         Broad axe         |       |       |       |       |    26 ||    26
 Invoke: Heroism           |       |       |     5 |     4 |     2 ||    11
         Finesse           |       |       |       |     2 |       ||     2
  Evoke: Wand              |       |       |       |     6 |       ||     6
    Use: Potion            |       |     6 |     5 |       |     3 ||    14
         Scroll            |       |     8 |    10 |     4 |     3 ||    25
   Stab: Petrified         |       |       |       |       |     4 ||     4
 Armour: Scale mail        |    41 |    38 |       |       |       ||    79
         Chain mail        |       |     7 |    35 |       |       ||    42
         Plate armour      |       |       |   106 |   162 |    74 ||   342
         Skin              |       |       |    14 |       |       ||    14
  Dodge: Dodged            |    40 |    55 |   130 |   233 |    75 ||   533
  Block: Buckler           |    14 |    21 |    76 |   220 |    83 ||   414
